USPBL
EASTSIDE DIAMOND HOPPERS @ WESTSIDE WOOLLY MAMMOTHS
07/09/2068
 
TOP OF THE 1ST
Cleveland (AZL) Indians batting - Pitching for Texas (AZL) Rangers : RHP Chris Rothrock
Pitching: RHP Chris Rothrock
Batting: RHB Alex Juarez 0-0: Ball
1-0: Swinging Strike
1-1: Foul Ball, location: 2F
1-2: SOLO HOME RUN (Line Drive, 7D, EV 103.8 MPH), Distance : 396 ft
Batting: LHB Greg Sumner 0-0: Ball
1-0: Ball
2-0: Called Strike
2-1: Foul Ball, location: 2F
2-2: Strikes out swinging
Batting: RHB Bill Duke 0-0: Called Strike
0-1: Ball
1-1: Swinging Strike
1-2: TRIPLE (Line Drive, 78XD, EV 102.5 MPH)
Batting: RHB Yuki Sato 0-0: Called Strike
0-1: Swinging Strike
0-2: Strikes out swinging
Batting: RHB Joe Graham 0-0: Swinging Strike
0-1: Swinging Strike
0-2: Ball
1-2: Strikes out swinging
Top of the 1st over - 1 run, 2 hits, 0 errors, 1 left on base; Cleveland (AZL) 1 - Texas (AZL) 0
BOTTOM OF THE 1ST
Texas (AZL) Rangers batting - Pitching for Cleveland (AZL) Indians : RHP David Micheletti
Pitching: RHP David Micheletti
Batting: RHB Mike Cohen 0-0: Ball
1-0: Ball
2-0: Ground out 6-3 (Groundball, 56, EV 87.5 MPH)
Batting: RHB Josh Chambers 0-0: Called Strike
0-1: Ball
1-1: Ball
2-1: Foul Ball, location: 2F
2-2: Ball
3-2: Foul Ball, location: 2F
3-2: Strikes out swinging
Batting: RHB Jared Wilson 0-0: Ball
1-0: Foul Ball, location: 2F
1-1: Ball
2-1: Foul Ball, location: 2F
2-2: Foul Ball, location: 2F
2-2: Foul Ball, location: 2F
2-2: DOUBLE (Flyball, 8RXD, EV 96.2 MPH)
Batting: LHB Bill McIndoe 0-0: Ball
1-0: Foul Ball, location: 2F
1-1: Ball
2-1: Foul Ball, location: 2F
2-2: Ground out 4-3 (Groundball, 34, EV 87.5 MPH)
Bottom of the 1st over - 0 runs, 1 hit, 0 errors, 1 left on base; Cleveland (AZL) 1 - Texas (AZL) 0
TOP OF THE 2ND
Cleveland (AZL) Indians batting - Pitching for Texas (AZL) Rangers : RHP Chris Rothrock
Batting: LHB Mike Litchy 0-0: Called Strike
0-1: Ball
1-1: Ball
2-1: SINGLE (Flyball, 4D, EV 83.8 MPH)
Batting: RHB Jon Earl 0-0: Ball
1-0: Fielders Choice at 2nd, 5-4 (Groundball, 56, EV 105.6 MPH)
Batting: RHB Octavio Negron 0-0: Foul Ball, location: 2F
0-1: Swinging Strike
0-2: Foul Ball, location: 2F
0-2: Ball
1-2: Strikes out swinging
Batting: SHB Raul Delgado 0-0: Foul Ball, location: 2F
0-1: Fly out, F8 (Flyball, 8RM, EV 98.1 MPH)
Top of the 2nd over - 0 runs, 1 hit, 0 errors, 1 left on base; Cleveland (AZL) 1 - Texas (AZL) 0
BOTTOM OF THE 2ND
Texas (AZL) Rangers batting - Pitching for Cleveland (AZL) Indians : RHP David Micheletti
Batting: RHB Mario Ruiz 0-0: Foul Ball, location: 2F
0-1: Foul Ball, location: 2F
0-2: Ball
1-2: SINGLE (Groundball, 4D, EV 98.1 MPH)
Batting: SHB Manuel Diaz 0-0: Ball
1-0: Called Strike
1-1: Called Strike
1-2: Ground out 6-3 (Groundball, 6MS, EV 68.8 MPH)
Mario Ruiz to second
Batting: RHB Victor Becerra 0-0: Ball
Mario Ruiz steals 3rd base
1-0: Fly out, F8 (Flyball, 8RD, EV 100.6 MPH)
Runner from 3rd tags up, SCORES, throw by CF
Batting: LHB Mike Jackson 0-0: Reached on error, E5 (Groundball, 56, EV 93.1 MPH)
Batting: SHB Alex Garza 0-0: Ball
1-0: Foul Ball, location: 2F
1-1: Ball
2-1: Foul Ball, location: 2F
2-2: Fly out, F7 (Flyball, 78M, EV 85.0 MPH)
Bottom of the 2nd over - 1 run, 1 hit, 1 error, 1 left on base; Cleveland (AZL) 1 - Texas (AZL) 1
TOP OF THE 3RD
Cleveland (AZL) Indians batting - Pitching for Texas (AZL) Rangers : RHP Chris Rothrock
Batting: RHB Alex Juarez 0-0: Ball
1-0: Ball
2-0: Called Strike
2-1: DOUBLE (Flyball, 8LXD, EV 104.4 MPH)
Batting: LHB Greg Sumner 0-0: Foul Ball, location: 2F
0-1: Hit by Pitch
Batting: RHB Bill Duke 0-0: Ball
1-0: Fly out, F8 (Flyball, 8RM, EV 84.4 MPH)
Batting: RHB Yuki Sato 0-0: Ball
1-0: Called Strike
1-1: Fly out, F8 (Flyball, 8LS, EV 96.2 MPH)
Batting: RHB Joe Graham 0-0: DOUBLE (Flyball, 89XD, EV 101.9 MPH)
Alex Juarez scores
Greg Sumner to third
Batting: LHB Mike Litchy 0-0: Ball
1-0: Swinging Strike
1-1: Called Strike
1-2: Foul Ball, location: 2F
1-2: Foul Ball, location: 2F
1-2: Ball
2-2: Strikes out swinging
Top of the 3rd over - 1 run, 2 hits, 0 errors, 2 left on base; Cleveland (AZL) 2 - Texas (AZL) 1
BOTTOM OF THE 3RD
Texas (AZL) Rangers batting - Pitching for Cleveland (AZL) Indians : RHP David Micheletti
Batting: RHB Mike Cohen 0-0: Ball
1-0: SINGLE (Groundball, 56D, EV 88.1 MPH) (infield hit)
Batting: RHB Josh Chambers 0-0: Ball
1-0: Called Strike
1-1: DOUBLE (Groundball, 5L, EV 110.0 MPH)
Mike Cohen to third
Runner from 3rd tries for Home, SAFE, throw by LF to home
Batting: RHB Jared Wilson 0-0: Ball
1-0: Foul Ball, location: 2F
1-1: Ground out U3 (Groundball, 3, EV 100.0 MPH)
Josh Chambers to third
Batting: LHB Bill McIndoe 0-0: Ball
1-0: Fly out, F8 (Flyball, 89M, EV 88.8 MPH)
Runner from 3rd tags up, SCORES, throw by CF
Batting: RHB Mario Ruiz 0-0: Ball
1-0: Foul Ball, location: 2F
1-1: Ball
2-1: Ground out U3 (Groundball, 34S, EV 85.6 MPH)
Bottom of the 3rd over - 2 runs, 2 hits, 0 errors, 0 left on base; Cleveland (AZL) 2 - Texas (AZL) 3
TOP OF THE 4TH
Cleveland (AZL) Indians batting - Pitching for Texas (AZL) Rangers : RHP Chris Rothrock
Batting: RHB Jon Earl 0-0: Hit by Pitch
Batting: RHB Octavio Negron 0-0: Ball
1-0: Called Strike
1-1: Foul Ball, location: 2F
1-2: Foul Ball, location: 2F
1-2: Foul Ball, location: 2F
1-2: Ball
2-2: Foul Ball, location: 2F
2-2: Foul Ball, location: 2F
2-2: Grounds into double play, 6-4-3 (Groundball, 6, EV 88.1 MPH)
Batting: SHB Raul Delgado 0-0: Called Strike
0-1: Ball
1-1: Ball
2-1: Foul Ball, location: 2F
2-2: Strikes out swinging
Top of the 4th over - 0 runs, 0 hits, 0 errors, 0 left on base; Cleveland (AZL) 2 - Texas (AZL) 3
BOTTOM OF THE 4TH
Texas (AZL) Rangers batting - Pitching for Cleveland (AZL) Indians : RHP David Micheletti
Batting: SHB Manuel Diaz 0-0: Fly out, F9 (Flyball, 89D, EV 80.6 MPH)
Batting: RHB Victor Becerra 0-0: Ball
1-0: Ball
2-0: Ball
3-0: Called Strike
3-1: Foul Ball, location: 2F
3-2: SINGLE (Groundball, 6D, EV 111.2 MPH)
Batting: LHB Mike Jackson 0-0: Ball
1-0: Foul Ball, location: 2F
1-1: DOUBLE (Line Drive, 89M, EV 110.6 MPH)
Victor Becerra to third
Batting: SHB Alex Garza 0-0: Ball
1-0: Ball
2-0: Ground out 4-3 (Groundball, 4, EV 106.9 MPH)
Batting: RHB Mike Cohen 0-0: Ball
Wild Pitch!
Victor Becerra scores
Mike Jackson to third
1-0: Swinging Strike
1-1: Foul Ball, location: 2F
1-2: Ground out 6-3 (Groundball, 6, EV 103.8 MPH)
Bottom of the 4th over - 1 run, 2 hits, 0 errors, 1 left on base; Cleveland (AZL) 2 - Texas (AZL) 4
TOP OF THE 5TH
Cleveland (AZL) Indians batting - Pitching for Texas (AZL) Rangers : RHP Chris Rothrock
Batting: RHB Alex Juarez 0-0: Called Strike
0-1: Ball
1-1: Ball
2-1: Ball
3-1: Base on Balls
Batting: LHB Greg Sumner 0-0: Ball
1-0: Ball
2-0: Called Strike
2-1: Ball
3-1: Ground out 4-3 (Groundball, 13, EV 84.4 MPH)
Alex Juarez to second
Batting: RHB Bill Duke 0-0: Foul Ball, location: 2F
0-1: Ball
1-1: Ball
2-1: Foul Ball, location: 2F
2-2: Foul Ball, location: 2F
2-2: Ball
3-2: Foul Ball, location: 2F
3-2: Base on Balls
Batting: RHB Yuki Sato 0-0: Called Strike
0-1: Ball
1-1: Ball
2-1: Swinging Strike
2-2: Strikes out swinging
Batting: RHB Joe Graham 0-0: Called Strike
0-1: Ball
1-1: Swinging Strike
1-2: Strikes out looking
Top of the 5th over - 0 runs, 0 hits, 0 errors, 2 left on base; Cleveland (AZL) 2 - Texas (AZL) 4
BOTTOM OF THE 5TH
Texas (AZL) Rangers batting - Pitching for Cleveland (AZL) Indians : RHP David Micheletti
Batting: RHB Josh Chambers 0-0: Ball
1-0: Swinging Strike
1-1: Called Strike
1-2: Ball
2-2: Fly out, F3 (Line Drive, 3, EV 68.8 MPH)
Batting: RHB Jared Wilson 0-0: Ground out 2-3 (Groundball, 2L, EV 73.1 MPH)
Batting: LHB Bill McIndoe 0-0: Ball
1-0: SINGLE (Line Drive, 78M, EV 105.0 MPH)
Batting: RHB Mario Ruiz 0-0: Called Strike
0-1: Called Strike
0-2: Ball
1-2: Fly out, F6 (Flyball, 56D, EV 94.4 MPH)
Bottom of the 5th over - 0 runs, 1 hit, 0 errors, 1 left on base; Cleveland (AZL) 2 - Texas (AZL) 4
TOP OF THE 6TH
Cleveland (AZL) Indians batting - Pitching for Texas (AZL) Rangers : RHP Chris Rothrock
Pitching: RHP Adrian Gonzalez
Batting: LHB Mike Litchy 0-0: Ball
1-0: Foul Ball, location: 2F
1-1: Hit by Pitch
Pinch Runner at 1st Elias Aviles:
Batting: RHB Jon Earl 0-0: Bunt missed!
0-1: Ball
1-1: Bunt missed!
1-2: Grounds into double play, 4-6-3 (Groundball, 4, EV 85.6 MPH)
Batting: RHB Octavio Negron 0-0: Ball
1-0: Called Strike
1-1: Ball
2-1: Foul Ball, location: 2F
2-2: Ground out 4-3 (Groundball, 4, EV 80.0 MPH)
Top of the 6th over - 0 runs, 0 hits, 0 errors, 0 left on base; Cleveland (AZL) 2 - Texas (AZL) 4
BOTTOM OF THE 6TH
Texas (AZL) Rangers batting - Pitching for Cleveland (AZL) Indians : RHP David Micheletti
Pitching: RHP Bill Kibler
Now at 1B: Lorenzo Reyes
Batting: SHB Manuel Diaz 0-0: Ball
1-0: Swinging Strike
1-1: Foul Ball, location: 2F
1-2: Ball
2-2: Foul Ball, location: 2F
2-2: Foul Ball, location: 2F
2-2: Foul Ball, location: 2F
2-2: Ball
3-2: Fly out, F9 (Flyball, 89M, EV 91.2 MPH)
Batting: RHB Victor Becerra 0-0: Foul Ball, location: 2F
0-1: Called Strike
0-2: Ball
1-2: Strikes out swinging
Batting: LHB Mike Jackson 0-0: Ball
1-0: Foul Ball, location: 2F
1-1: Foul Ball, location: 2F
1-2: SINGLE (Line Drive, 56D, EV 98.8 MPH)
Batting: SHB Alex Garza 0-0: Ball
1-0: Ball
2-0: Ball
3-0: Called Strike
3-1: Base on Balls
Mike Jackson to second
Batting: RHB Mike Cohen 0-0: Ball
1-0: Swinging Strike
1-1: Swinging Strike
1-2: Strikes out looking
Bottom of the 6th over - 0 runs, 1 hit, 0 errors, 2 left on base; Cleveland (AZL) 2 - Texas (AZL) 4
TOP OF THE 7TH
Cleveland (AZL) Indians batting - Pitching for Texas (AZL) Rangers : RHP Adrian Gonzalez
Batting: SHB Raul Delgado 0-0: Ball
1-0: Called Strike
1-1: DOUBLE (Flyball, 89D, EV 93.1 MPH)
Batting: RHB Alex Juarez 0-0: Ball
1-0: Bunt missed!
1-1: Bunt missed!
1-2: Strikes out looking
Batting: LHB Greg Sumner 0-0: Foul Ball, location: 2F
0-1: Swinging Strike
0-2: Ball
1-2: Strikes out swinging
Batting: RHB Bill Duke 0-0: Called Strike
0-1: DOUBLE (Groundball, 5L, EV 101.9 MPH)
Raul Delgado scores
Batting: RHB Yuki Sato 0-0: Ball
1-0: Foul Ball, location: 2F
1-1: Swinging Strike
1-2: Ball
2-2: Ball
3-2: Foul Ball, location: 2F
3-2: Strikes out looking
Top of the 7th over - 1 run, 2 hits, 0 errors, 1 left on base; Cleveland (AZL) 3 - Texas (AZL) 4
BOTTOM OF THE 7TH
Texas (AZL) Rangers batting - Pitching for Cleveland (AZL) Indians : RHP Bill Kibler
Pitching: RHP Mike Federick
Batting: RHB Josh Chambers 0-0: Foul Ball, location: 2F
0-1: Ground out 1-3 (Groundball, P, EV 68.8 MPH)
Batting: RHB Jared Wilson 0-0: Foul Ball, location: 2F
0-1: Fly out, F8 (Flyball, 8LD, EV 89.4 MPH)
Batting: LHB Bill McIndoe 0-0: Ball
1-0: SOLO HOME RUN (Flyball, 9LD, EV 88.1 MPH), Distance : 349 ft
Batting: RHB Mario Ruiz 0-0: Ball
1-0: Called Strike
1-1: Foul Ball, location: 2F
1-2: Foul Ball, location: 2F
1-2: Ball
2-2: Fly out, F7 (Flyball, 7S, EV 79.4 MPH)
Bottom of the 7th over - 1 run, 1 hit, 0 errors, 0 left on base; Cleveland (AZL) 3 - Texas (AZL) 5
TOP OF THE 8TH
Cleveland (AZL) Indians batting - Pitching for Texas (AZL) Rangers : RHP Adrian Gonzalez
Pitching: RHP Andrew Hollander
Now at SS: Tim Reilly
Now in CF: Javier Avalos
Batting: RHB Joe Graham 0-0: DOUBLE (Line Drive, 7LM, EV 106.2 MPH)
Batting: RHB Lorenzo Reyes 0-0: Called Strike
0-1: Ball
1-1: DOUBLE (Line Drive, 89D, EV 106.9 MPH)
Joe Graham scores
Batting: RHB Jon Earl 0-0: Swinging Strike
0-1: Bunted foul
0-2: Ball
1-2: Ball
2-2: Foul Ball, location: 2F
2-2: Ball
3-2: Foul Ball, location: 2F
3-2: Foul Ball, location: 2F
3-2: Base on Balls
Pinch Hitting: SHB Tommie D'Antonio 0-0: Ball
1-0: Bunt missed!
1-1: Bunt missed!
1-2: Fly out, F9 (Flyball, 9S, EV 96.2 MPH)
Pinch Hitting: SHB Bryan Llewellyn 0-0: Ball
1-0: Called Strike
1-1: Ball
2-1: Foul Ball, location: 2F
2-2: Foul Ball, location: 2F
2-2: Hit by Pitch
Lorenzo Reyes to third
Jon Earl to second
Batting: RHB Alex Juarez 0-0: Ball
1-0: Foul Ball, location: 2F
1-1: Grounds into fielders choice 5-2 (Groundball, 5, EV 88.8 MPH)
Jon Earl to third
Bryan Llewellyn to second
Pitching: LHP Jose Gutierrez
Pinch Hitting: RHB Victor Ayala 0-0: Called Strike
0-1: Called Strike
0-2: Strikes out swinging
Top of the 8th over - 1 run, 2 hits, 0 errors, 3 left on base; Cleveland (AZL) 4 - Texas (AZL) 5
BOTTOM OF THE 8TH
Texas (AZL) Rangers batting - Pitching for Cleveland (AZL) Indians : RHP Mike Federick
Now at C: Lionel Santa Iria
Now at SS: Edgar Nazario
Now in LF: Juan Estrada
Batting: SHB Manuel Diaz 0-0: Ball
1-0: Ball
2-0: Called Strike
2-1: Ground out U3 (Groundball, 3L, EV 80.6 MPH)
Batting: RHB Victor Becerra 0-0: Ball
1-0: Ball
2-0: Ball
3-0: Called Strike
3-1: SINGLE (Groundball, 6MD, EV 97.5 MPH)
Batting: LHB Mike Jackson 0-0: Fly out, F8 (Flyball, 8LS, EV 85.6 MPH)
Batting: SHB Alex Garza 0-0: Called Strike
0-1: 2-RUN HOME RUN (Flyball, 9LD, EV 98.8 MPH), Distance : 341 ft
Pitching: RHP Philip Beggs
Batting: RHB Tim Reilly 0-0: Foul Ball, location: 2F
0-1: Called Strike
0-2: Foul Ball, location: 2F
0-2: Foul Ball, location: 2F
0-2: Strikes out swinging
Bottom of the 8th over - 2 runs, 2 hits, 0 errors, 0 left on base; Cleveland (AZL) 4 - Texas (AZL) 7
TOP OF THE 9TH
Cleveland (AZL) Indians batting - Pitching for Texas (AZL) Rangers : LHP Jose Gutierrez
Pitching: RHP Hector Chelvea
Now at 3B: Leo Lopez
Now in RF: Omar Sepulveda
Batting: RHB Bill Duke 0-0: SINGLE (Groundball, 6MD, EV 97.5 MPH)
Batting: RHB Yuki Sato 0-0: Ball
1-0: Ball
2-0: Hit by Pitch
Bill Duke to second
Batting: RHB Joe Graham 0-0: Called Strike
0-1: Ball
1-1: Foul Ball, location: 2F
1-2: Ball
2-2: Ball
3-2: SINGLE (Line Drive, 78S, EV 107.5 MPH)
Bill Duke to third
Yuki Sato to second
Pinch Hitting: SHB Keith Bowser 0-0: Fly out, F4 (Line Drive, 4, EV 68.8 MPH)
Batting: RHB Jon Earl 0-0: Ball
1-0: Ball
2-0: Called Strike
2-1: Ball
3-1: Called Strike
3-2: Strikes out swinging
Pitching: LHP Marcos Castiblanca
Pinch Hitting: RHB Jeff Jansen 0-0: Called Strike
0-1: Ball
1-1: Ball
2-1: Foul Ball, location: 2F
2-2: Fielders Choice at 2nd, 6-4 (Groundball, 6, EV 78.8 MPH)
Top of the 9th over - 0 runs, 2 hits, 0 errors, 3 left on base; Cleveland (AZL) 4 - Texas (AZL) 7
Wednesday, June 16th , 2021 - OOTP Baseball 22.6 Build 56